 Dungeon Crawl Stone Soup version 0.27-a0-1291-geefcff550b (webtiles) character file.

Game seed: 10505999821021561033

8054 dickylongcocking the Fighter (level 11, -2/145 HPs)
             Began as a Demonspawn Gladiator on June 15, 2021.
             Was a Follower of Nemelex Xobeh.
             Slain by a vampire (9 damage)
             ... on level 7 of the Dungeon.
             The game lasted 00:06:27 (7354 turns).

dickylongcocking the Fighter (Demonspawn Gladiator) Turns: 7354, Time: 00:06:27

Health: -2/145     AC: 25    Str: 14 (16) XL:     11   Next: 4%
Magic:  17/17      EV:  2    Int:  9 (10) God:    Nemelex Xobeh [*.....]
Gold:   245        SH:  0    Dex: 14 (16) Spells: 9/10 levels left

rFire    . . .     SeeInvis .   (no weapon)
rCold    . . .     Faith    .   (no shield)
rNeg     + + +     Spirit   .   (armour currently unavailable)
rPois    +         Reflect  .   (helmet unavailable)
rElec    .         Harm     .   (cloak currently unavailable)
rCorr    .         Rampage  .   (gloves currently unavailable)
Will     .....     NoTele   +   (boots currently unavailable)
Stlth    +.........             l - amulet of the acrobat
HPRegen  0.34/turn              (no ring)
MPRegen  0.15/turn              (no ring)

@: brilliant, tree-form
A: stationary, stasis, torment immunity, boosted hp, (antennae 3), rugged brown
scales 1, demonic guardian 2
a: Renounce Religion, Draw Escape, Draw Destruction, Draw Summoning


You were on level 7 of the Dungeon.
You worshipped Nemelex Xobeh.
Nemelex Xobeh was aware of your devotion.
You were a tree.
You visited 1 branch of the dungeon, and saw 7 of its levels.

You collected 245 gold pieces.

Inventory:

Hand Weapons
 a - a +0 quarterstaff
 j - a +3 whip of venom
Missiles
 d - 5 throwing nets (quivered)
Armour
 b - a +0 leather armour
 c - a +0 helmet
 i - a +2 pair of gloves (melded)
 p - a +0 scale mail (melded)
 s - a +0 pair of boots (melded)
 A - a scarf of harm (melded)
Jewellery
 g - an amulet of faith
 l - an amulet of the acrobat (around neck)
Wands
 k - a wand of flame (13)
 z - a wand of paralysis (5)
Scrolls
 f - a scroll of blinking {unknown}
 h - a scroll of brand weapon {unknown}
 n - a scroll of fear {unknown}
 q - 3 scrolls of identify {unknown}
 v - a scroll of amnesia {unknown}
 w - 2 scrolls of vulnerability {unknown}
 x - a scroll of enchant weapon
 y - a scroll of magic mapping {unknown}
Potions
 e - a potion of lignification
 m - a potion of brilliance
 t - 2 potions of degeneration


   Skills:
 * Level 11.6 Fighting
 * Level 10.4(10.6) Maces & Flails
 - Level 3.3(7.4) Staves
 - Level 1.7 Throwing
 - Level 2.7 Dodging
 * Level 8.1 Invocations


You had 9 spell levels left.
You knew the following spells:

 Your Spells              Type           Power      Damage    Failure   Level
a - Apportation           Tloc           0%         N/A       38%         1

Your spell library contained the following spells:

 Spells                   Type           Power      Damage    Failure   Level
 Animate Skeleton         Necr           0%         N/A       38%         1
 Beastly Appendage        Tmut           0%         N/A       38%         1
 Corona                   Hex            0%         N/A       38%         1
 Sting                    Tmut/Pois      0%         1d3       38%         1
 Summon Small Mammal      Summ           0%         N/A       38%         1
 Poisonous Vapours        Pois/Air       0%         N/A       52%         2
 Wereblood                Tmut           0%         N/A       52%         2
 Ignite Poison            Fire/Tmut/Pois 0%         N/A       77%         3
 Mephitic Cloud           Conj/Pois/Air  0%         N/A       77%         3
 Spider Form              Tmut/Pois      0%         N/A       77%         3
 Ice Form                 Ice/Tmut       0%         N/A       99%         4
 Olgreb's Toxic Radiance  Pois           0%         N/A       99%         4


Dungeon Overview and Level Annotations

Branches:
Dungeon (7/15)             Temple (0/1) D:5

Altars:
Gozag
Makhleb
Nemelex Xobeh
Okawaru


Innate Abilities, Weirdness & Mutations

You are a tree.
Your roots penetrate the ground, keeping you stationary.
You cannot be teleported.
You are immune to unholy pain and torment.
Your maximum health is greatly increased.
Your equipment is partially melded.
((You have a pair of large antennae on your head. (SInv)))
(You are partially covered in rugged brown scales. (AC +1, +3% HP))
A demonic guardian rushes to your aid.


Message History

Your guardian grows in power.
Unknown command.
Unknown command.
Okay, then.
You hit the vampire but do no damage.
The vampire is heavily damaged.
The vampire casts a spell.
The vampire flickers and vanishes!
Deactivating autopickup; reactivate with Ctrl-A.
Unknown command.
Okay, then.
Your +3 whip of venom begins to drip with poison!
j - a +3 whip of venom (weapon)
Unknown command.
You hit something. Something hits you!
* * * LOW HITPOINT WARNING * * *
Something bites you!
* * * LOW HITPOINT WARNING * * *
Unknown command.
Unknown command.
Okay, then.
Okay, then.
Okay, then.
Okay, then.
Okay, then.
Okay, then.
You closely miss something.
Unknown command.
Unknown command.
Okay, then.
You hit something but do no damage. Something hits you.
* * * LOW HITPOINT WARNING * * *
Something bites you but does no damage.
Unknown command.
Your +3 whip of venom stops dripping with poison.
You are now empty-handed.
Unknown command.
You hit something but do no damage. Something hits you!
You die...
Your body glows slightly and disappears.

.. #.# #.# ##.# #..## #..#
. #..#### #.##
..#######....# #.#
...........#.# #.#
##.......#..###<#
#.......##).##.#
##......###♣##.#
#.......##){#.######
#.).....:.)........#
.............###.........#
#######..................#
#......##..##..#...#
...........###..#####
#.##.###..## #..# #. #.#
#.## #..#


There were no monsters in sight!

Vanquished Creatures
  A two-headed ogre (D:7)
  Pikel (D:4)
  A kobold demonologist (D:6)
  A troll (D:6)
  Prince Ribbit (D:5)
  Grinder (D:6)
  A shadow (D:7)
  Sigmund (D:4)
  A steam dragon (D:6)
  A water moccasin (D:5)
  A black bear (D:6)
  A sky beast (D:6)
  An ogre (D:5)
  The ghost of HilariousDeathArtist the Charlatan, an amateur DjAr of Jiyva (D:4)
  A centaur (D:7)
  A necrophage (D:5)
  A lemure (D:4)
  A phantom (D:5)
  Blork the orc (D:5)
  2 scorpions
  A bullfrog zombie (D:6)
  4 hounds
  2 orc priests
  A jelly (D:6)
  2 centaur skeletons
  3 iguanas
  A bullfrog skeleton (D:5)
  2 orc wizards
  A hound skeleton (D:3)
  2 howler monkey skeletons (D:5)
  An adder (D:3)
  A white imp (D:6)
  An ufetubus (D:4)
  An adder skeleton (D:4)
  2 worms
  4 dart slugs
  12 orcs
  3 bats
  7 endoplasms
  6 giant cockroaches
  12 hobgoblins
  11 jackals
  8 kobolds
  3 quokkas
  9 ball pythons
  7 frilled lizards
  3 goblins
  3 rats
134 creatures vanquished.

Vanquished Creatures (collateral kills)
  Menkaure (D:4)
  An ogre (D:6)
  A bullfrog skeleton (D:4)
  An iguana (D:5)
  An orc (D:7)
5 creatures vanquished.

Vanquished Creatures (others)
  An orc wizard (D:7)
1 creature vanquished.

Grand Total: 140 creatures vanquished

Notes
Turn   | Place    | Note
-------+----------+-------------------------------------------
     0 | D:1      | dickylongcocking the Demonspawn Gladiator began the quest
                  | for the Orb.
     0 | D:1      | Reached XP level 1. HP: 16/16 MP: 1/1
   237 | D:1      | Gained mutation: You have a pair of small antennae on your
                  | head. [demonic ancestry]
   237 | D:1      | Reached XP level 2. HP: 23/23 MP: 2/2
  1028 | D:2      | Reached XP level 3. HP: 25/28 MP: 3/3
  1347 | D:2      | You fall into a shaft and drop 1 floor!
  1356 | D:3      | Reached skill level 3 in Fighting
  1409 | D:2      | Reached skill level 1 in Maces & Flails
  1409 | D:2      | Gained mutation: A weak demonic guardian rushes to your
                  | aid. [demonic ancestry]
  1409 | D:2      | Reached XP level 4. HP: 33/35 MP: 4/4
  1639 | D:2      | You fall into a shaft and drop 2 floors!
  1643 | D:4      | Noticed a lemure
  1659 | D:4      | Killed a lemure
  1668 | D:4      | Found a runed translucent gate.
  1669 | D:4      | Noticed Pikel
  1669 | D:4      | Found a runed translucent gate.
  1671 | D:4      | Noticed Sigmund
  1680 | D:4      | Noticed a lemure
  1681 | D:4      | Found a runed translucent gate.
  1681 | D:4      | Noticed a lemure
  1687 | D:4      | Noticed HilariousDeathArtist's ghost (amateur DjAr)
  1697 | D:4      | Noticed a lemure
  1699 | D:4      | Killed Sigmund
  1700 | D:4      | Reached skill level 4 in Fighting
  1700 | D:4      | Reached XP level 5. HP: 20/43 MP: 5/5
  1700 | D:4      | Killed Pikel
  1701 | D:4      | Reached skill level 6 in Fighting
  1701 | D:4      | Gained mutation: You have a pair of antennae on your head.
                  | [demonic ancestry]
  1701 | D:4      | Reached XP level 6. HP: 24/52 MP: 6/6
  1701 | D:4      | Reached XP level 7. HP: 27/58 MP: 7/7
  2744 | D:3      | Found a sparkling altar of Nemelex Xobeh.
  2819 | D:3      | Became a worshipper of Nemelex Xobeh the Trickster
  3031 | D:4      | Found an iron altar of Okawaru.
  3223 | D:4      | Reached skill level 5 in Maces & Flails
  3491 | D:4      | Noticed Menkaure
  3498 | D:4      | Killed Menkaure
  3499 | D:4      | Reached XP level 8. HP: 19/65 MP: 8/8
  3789 | D:4      | Reached skill level 7 in Fighting
  3929 | D:4      | Killed HilariousDeathArtist's ghost
  3930 | D:4      | Reached skill level 1 in Invocations
  4183 | D:5      | Entered Level 5 of the Dungeon
  4199 | D:5      | Noticed Blork the orc
  4207 | D:5      | Killed Blork the orc
  4405 | D:5      | Learned a level 1 spell: Apportation
  4541 | D:5      | Noticed Prince Ribbit
  4565 | D:5      | Killed Prince Ribbit
  5066 | D:5      | Reached skill level 8 in Fighting
  5089 | D:5      | Gained mutation: You are partially covered in rugged brown
                  | scales. (AC +1, +3% HP) [demonic ancestry]
  5089 | D:5      | Reached XP level 9. HP: 45/76 MP: 12/12
  5435 | D:5      | Found a staircase to the Ecumenical Temple.
  5520 | D:6      | Noticed a kobold demonologist
  5525 | D:6      | Noticed a hellwing
  5531 | D:6      | Noticed a hellwing
  5535 | D:6      | Noticed a sun demon
  5538 | D:6      | Killed a kobold demonologist
  5539 | D:6      | Reached skill level 5 in Invocations
  5749 | D:6      | Reached * piety under Nemelex Xobeh
  5786 | D:6      | Noticed a troll
  5796 | D:6      | Killed a troll
  5940 | D:6      | Received a gift from Nemelex Xobeh
  5998 | D:6      | Found a burning altar of Makhleb.
  6016 | D:6      | Noticed Grinder
  6034 | D:6      | Killed Grinder
  6591 | D:6      | Reached skill level 9 in Fighting
  7211 | D:7      | Found an opulent altar of Gozag.
  7287 | D:7      | Noticed a two-headed ogre
  7302 | D:7      | Killed a two-headed ogre
  7303 | D:7      | Gained mutation: You have a pair of large antennae on your
                  | head. (SInv) [demonic ancestry]
  7303 | D:7      | Reached XP level 10. HP: 69/85 MP: 14/16
  7347 | D:7      | Reached skill level 11 in Fighting
  7347 | D:7      | Reached skill level 10 in Maces & Flails
  7347 | D:7      | Gained mutation: A demonic guardian rushes to your aid.
                  | [demonic ancestry]
  7347 | D:7      | Reached XP level 11. HP: 22/97 MP: 17/17
  7352 | D:7      | HP: 6/145 [something (3)]
  7354 | D:7      | Slain by a vampire

Illustrated notes

Levels and vault maps discovered:
D:1:      scummos_arrival_simple_crosswalls, layout_basic, lemuel_another_geyser
D:2:      layout_loops_cross, minmay_lizard_pond
D:3:      layout_basic, nemelex_diamond_rough_becter
D:4:      minmay_angry_zag, layout_basic, lemuel_round_altar,
          gammafunk_ghost_split, kennysheep_generic_room_8, uniq_pikel,
          uniq_sigmund, uniq_menkaure
D:5:      layout_loops_ring, minmay_temple_entry_enclosed_plants,
          kennysheep_pointless_box, serial_bayou_ford_a, uniq_blork_the_orc,
          uniq_prince_ribbit1
D:6:      layout_basic, nicolae_overflow_crystal_walls, uniq_grinder
D:7:      layout_rooms, lemuel_coloured_pillars_altar, uniq_duvessa

Skill      XL: |  1  2  3  4  5  6  7  8  9 10 |
---------------+-------------------------------+-----
Staves         | 3 |  3.3
Fighting       | 3 4 6 8 9 11 | 11.6
Maces & Flails | 1 3 4 5 6 8 10 | 10.4
Invocations    | 4 8 |  8.1
Throwing       | |  1.7
Dodging        | |  2.7

Action                   |  1- 3 |  4- 6 |  7- 9 | 10-12 || total
-------------------------+-------+-------+-------+-------++-------
Melee: Quarterstaff      |    66 |       |       |       ||    66
       Whip              |    20 |    25 |   399 |    20 ||   464
       Unarmed           |       |       |       |     4 ||     4
Throw: Throwing net      |       |       |     1 |       ||     1
Invok: Draw Destruction  |       |       |     4 |     1 ||     5
  Use: Potion            |       |     4 |       |     7 ||    11
       Scroll            |       |     2 |       |       ||     2
 Stab: Distracted        |       |       |     1 |       ||     1
Armor: Leather armour    |    32 |     5 |    27 |       ||    64
       Scale mail        |       |       |   108 |     4 ||   112
       Skin              |       |       |       |    14 ||    14
Dodge: Dodged            |    73 |    37 |   249 |    12 ||   371

Table legend: (Time is in decaauts)
 A = Elapsed time spent in this place.
 B = Non-inter-level travel time spent in this place.
 C = Inter-level travel time spent in this place.
 D = Time resting spent in this place.
 E = Time spent auto-exploring this place.
 F = Levels seen in this place.
 G = Mean time per level.
                   A        B        C        D        E       F      G
               +--------+--------+--------+--------+--------+-----+--------+
         Total |   7267 |   7027 |    240 |    599 |   5359 |   7 | 1038.1 |
       Dungeon |   7267 |   7027 |    240 |    599 |   5359 |   7 | 1038.1 |
               +--------+--------+--------+--------+--------+-----+--------+

Top non-repeatable levels by time:
     D:6: 1361 daAuts
     D:5: 1319 daAuts
     D:4: 1211 daAuts
     D:2: 1056 daAuts
     D:1: 1011 daAuts
     D:3: 866 daAuts
     D:7: 441 daAuts
